 Dungeon Crawl Stone Soup version 0.28.0-49-g6dfe1f597d (webtiles) character file.

Game seed: 2168486905889078860

92978 Gabide the Scholar (level 16, -13/124 HPs)
             Began as a Human Monk on May 12, 2022.
             Was an Elder of Sif Muna.
             Mangled by an alligator (19 damage)
             ... on level 1 of the Swamp.
             The game lasted 01:56:26 (39608 turns).

Gabide the Scholar (Human Monk)                    Turns: 39608, Time: 01:56:27

Health: -13/124    AC: 36    Str: 20    XL:     16   Next: 55%
Magic:  16/28      EV: 12    Int: 10    God:    Sif Muna [****..]
Gold:   1177       SH:  5    Dex: 16    Spells: 21/31 levels left

rFire   + . .      SeeInvis .   v - +2 bardiche (freeze)
rCold   + . .      Faith    .   (shield currently unavailable)
rNeg    + . .      Spirit   .   e - +7 storm dragon scales of the Apple {rElec rC+ rN+ rCorr}
rPois   .          Reflect  +   c - +2 helmet
rElec   +          Harm     .   g - +2 cloak
rCorr   +          Rampage  .   t - +2 pair of gloves
Will    +....                   n - +2 pair of boots
Stlth   ..........              T - amulet of reflection
HPRegen 0.30/turn               A - +4 ring of slaying
MPRegen 0.21/turn               d - ring of protection from fire

@: hasted, studying Fighting, very quick
A: no striking features
a: Renounce Religion, Channel Magic, Forget Spell, Divine Exegesis


You were on level 1 of the Swamp.
You worshipped Sif Muna.
Sif Muna was greatly pleased with you.
You visited 5 branches of the dungeon, and saw 26 of its levels.
You visited the Abyss 1 time.

You collected 2813 gold pieces.
You spent 1636 gold pieces at shops.

Inventory:

Hand Weapons
 v - a +2 bardiche of freezing (weapon)
Missiles
 o - 5 javelins (quivered)
Armour
 c - a +2 helmet (worn)
 e - the +7 storm dragon scales of the Apple (worn) {rElec rC+ rN+ rCorr}
   (You found it on level 4 of the Dungeon)

   rC:        It protects you from cold.
   rElec:     It insulates you from electricity.
   rN:        It protects you from negative energy.
   rCorr:     It protects you from acid and corrosion.
 g - a +2 cloak (worn)
 n - a +2 pair of boots (worn)
 t - a +2 pair of gloves (worn)
Magical Staves
 P - a staff of conjuration
Jewellery
 b - a +6 ring of strength
 d - a ring of protection from fire (right hand)
 i - a +4 ring of protection
 x - a +4 ring of evasion
 y - an amulet of magic regeneration
 A - a +4 ring of slaying (left hand)
 N - an amulet of guardian spirit
 T - an amulet of reflection (around neck)
Wands
 a - a wand of digging (13)
 k - a wand of acid (4)
 m - a wand of paralysis (1)
 r - a wand of charming (3)
 D - a wand of polymorph (16)
 F - a wand of iceblast (13)
 J - a wand of flame (17)
 O - a wand of mindburst (6)
Scrolls
 f - a scroll of immolation
 u - 6 scrolls of identify
 G - 2 scrolls of silence
 H - 3 scrolls of fog
 I - 2 scrolls of amnesia
 M - a scroll of vulnerability
 Q - 2 scrolls of magic mapping
Potions
 j - 3 potions of flight
 q - a potion of ambrosia
 s - 3 potions of mutation
 z - a potion of magic
 E - a potion of attraction
 S - 2 potions of lignification
Miscellaneous
 K - a lightning rod (4/4)


   Skills:
 + Level 10.6 Fighting
 - Level 4.6(8.9) Axes
 + Level 11.7(12.1) Polearms
 + Level 12.2 Armour
 + Level 9.6 Dodging
 - Level 2.0 Stealth
 * Level 8.3 Spellcasting
 * Level 8.7 Conjurations
 * Level 7.9 Air Magic
 * Level 4.6 Poison Magic
 * Level 12.4 Invocations


You had 21 spell levels left.
You knew the following spells:

 Your Spells              Type           Power      Damage    Failure   Level
a - Mephitic Cloud        Conj/Pois/Air  18%        N/A       17%         3
b - Magic Dart            Conj           84%        1d7       3%          1
c - Shock                 Conj/Air       80%        1d8       3%          1
d - Swiftness             Air            20%        N/A       12%         3
e - Static Discharge      Conj/Air       20%        N/A       4%          2

Your spell library contained the following spells:

 Spells                   Type           Power      Damage    Failure   Level
 Poisonous Vapours        Pois/Air       32%        N/A       12%         2
 Corpse Rot               Necr/Air       24%        N/A       30%         2
 Airstrike                Air            10%        N/A       36%         4
 Stone Arrow              Conj/Erth      24%        3d8       45%         3
 Iskenderun's Battlesphe  Conj           21%        2d7       63%         5
 Sandblast                Erth           8%         2d5       71%         1
 Slow                     Hex            16%        N/A       71%         1
 Summon Small Mammal      Summ           16%        N/A       71%         1
 Call Imp                 Summ           4%         N/A       83%         2
 Passwall                 Tmut/Erth      3%         N/A       83%         2
 Scorch                   Fire           8%         2d5       83%         2
 Flame Wave               Conj/Fire      12%        2d6       86%         4
 Fulminant Prism          Conj/Hex       6%         3d7       86%         4
 Hailstorm                Conj/Ice       12%        3d5       86%         4
 Summon Lightning Spire   Summ/Air       12%        N/A       90%         4
 Freezing Cloud           Conj/Ice/Air   7%         6-21      96%         5
 Call Canine Familiar     Summ           4%         N/A       97%         3
 Confusing Touch          Hex            4%         N/A       97%         3
 Frozen Ramparts          Ice            8%         1d2       97%         3
 Portal Projectile        Hex/Tloc       8%         N/A       97%         3
 Summon Guardian Golem    Hex/Summ       4%         N/A       97%         3
 Tukima's Dance           Hex            4%         N/A       97%         3
 Vampiric Draining        Necr           4%         2d6       97%         3
 Fireball                 Conj/Fire      6%         3d5       99%         5
 Conjure Ball Lightning   Conj/Air       10%        3x3d6     99%         6
 Anguish                  Hex/Necr       2%         N/A       100%        4
 Cause Fear               Hex            2%         N/A       100%        4
 Ice Form                 Ice/Tmut       4%         N/A       100%        4
 Leda's Liquefaction      Hex/Erth       2%         N/A       100%        4
 Summon Ice Beast         Ice/Summ       4%         N/A       100%        4
 Lee's Rapid Deconstruct  Erth           2%         3d5*      100%        5
 Summon Forest            Summ/Tloc      2%         N/A       100%        5
 Yara's Violent Unravell  Hex/Tmut       2%         3d3       100%        5
 Simulacrum               Ice/Necr       2%         N/A       100%        6
 Starburst                Conj/Fire      6%         6d4       100%        6
 Statue Form              Tmut/Erth      2%         N/A       100%        6
 Summon Cactus Giant      Summ           2%         N/A       100%        6
 Enfeeble                 Hex            2%         N/A       100%        7
 Orb of Destruction       Conj           10%        9d6       100%        7
 Discord                  Hex            2%         N/A       100%        8
 Ignition                 Fire           2%         3d3       100%        8
 Maxwell's Capacitive Co  Air            10%        ∞         100%        8
 Chain Lightning          Conj/Air       10%        3d13      100%        9


Dungeon Overview and Level Annotations

Branches:
Dungeon (15/15)            Temple (0/1) D:4            Lair (6/6) D:11
  Swamp (2/4) Lair:3        Snake (0/4) Lair:2        Slime (0/5) Lair:5
    Orc (2/2) D:9             Elf (1/3) Orc:2        Vaults (0/5) D:13
 Depths (0/4) D:15

Altars:
Ashenzari
Cheibriados
Dithmenos
Sif Muna
Xom
Beogh
Lugonu

Shops:
D:8 [   D:12 [   D:15 (   Orc:1 ?   Orc:2 =([?

Portals:
Abyss: D:4 Lair:6

Annotations:
D:4 H0rd4k's ghost, amateur HuAr
Orc:1 1 runed translucent door, Gabide's ghost, journeyman HuMo
Orc:2 1 runed translucent door, jaiteiro's ghost, journeyman DrEE


Message History

The will-o-the-wisp is almost destroyed.
The spriggan rider hits you but does no damage.
The will-o-the-wisp engulfs you but does no damage.
The alligator closely misses you. You block the alligator's attack.
The spriggan rider hits you with a +0 falchion!
* * * LOW HITPOINT WARNING * * *
Okay, then.
Lightning arcs from your hands!
The bolt of lightning hits the spriggan rider!!!
The spriggan rider is severely wounded.
The bolt of lightning hits you but does no damage.
The bolt of lightning hits the will-o-the-wisp!
The will-o-the-wisp resists.
You destroy the will-o-the-wisp!
Sif Muna accepts your kill.
The bolt of lightning hits the alligator!!!
The alligator is severely wounded.
Sif Muna will no longer gift you books.
The alligator bites you but does no damage.
The alligator tail-slaps you but does no damage.
The spriggan rider hits you with a +0 falchion!
* * * LOW HITPOINT WARNING * * *
The alligator bites you but does no damage.
The alligator tail-slaps you but does no damage.
Okay, then.
You feel yourself speed up.
The alligator bites you but does no damage.
The alligator tail-slaps you but does no damage.
The spriggan rider hits you with a +0 falchion.
* * * LOW HITPOINT WARNING * * *
You enter the shallow water.
Moving in this stuff is going to be slow.
The alligator misses you. x2
The spriggan rider hits you with a +0 falchion!
* * * LOW HITPOINT WARNING * * *
You block the alligator's attack. The alligator tail-slaps you!
* * * LOW HITPOINT WARNING * * *
Okay, then.
The alligator bites you!!
You die...

≈......≈≈≈.≈♣ ♣♣♣§≈≈≈≈≈≈.♣......
§≈≈..≈≈≈≈≈≈.♣♣♣♣≈♣.≈≈.≈≈≈.♣♣..≈≈.
≈≈≈..≈≈≈≈≈≈...♣≈≈.♣.......♣♣♣.≈≈≈
.....≈≈≈≈≈.≈≈≈....♣........♣♣≈≈≈≈
....≈≈≈≈≈≈≈≈≈≈.≈♣♣♣≈...≈≈.....≈≈≈
...≈≈≈.≈≈≈≈≈≈≈≈≈♣♣.≈.♣♣♣♣......≈≈
♣♣♣.≈..≈≈≈≈≈≈≈≈≈≈.≈.≈♣♣♣≈.......♣
♣....≈§≈≈....≈.i≈.♣♣♣≈......♣.♣
♣...≈≈≈≈≈.≈..≈@t≈.>≈§..≈♣♣.....
♣♣...≈≈≈≈.>≈≈.♣.≈≈≈.♣≈≈.≈♣......
♣♣....≈≈≈≈.≈§≈.♣.≈≈≈...♣≈.♣♣.....
♣†≈≈♣≈♣≈≈≈....♣♣♣♣.....≈≈≈≈♣♣♣...
♣.♣♣♣♣♣♣♣...≈≈.♣♣♣...♣♣≈♣.≈♣ ♣...
♣.♣♣≈≈≈≈♣♣..≈≈≈.♣♣♣♣♣♣≈≈.♣♣♣ ♣♣♣♣
..≈≈≈≈≈♣♣♣≈.≈≈≈.♣ ♣≈.♣..♣ ♣♣.≈
≈≈♣♣≈≈♣♣♣≈≈≈≈≈≈.♣ ♣♣...≈≈♣ ♣..♣
..♣♣ ≈♣♣♣♣≈≈≈≈.≈♣ ♣≈≈≈..♣♣♣♣♣♣♣≈♣


You could see an alligator (swift) and a spriggan rider.

Vanquished Creatures
  A bone dragon (Abyss:3)
  A stone giant (D:15)
  Snorg (Orc:2)
  2 boulder beetles
  7 hydras
  3 catoblepae
  An ogre mage (D:14)
  14 two-headed ogres
  2 centaur warriors (D:15)
  2 tengu warriors (D:15)
  11 thrashing horrors
  6 death yaks (Lair:3)
  A fire crab (shapeshifter) (Lair:6)
  2 large abominations
  A death drake (Swamp:1)
  2 goliath frogs (Swamp:1)
  2 spriggan druids
  5 bog bodies
  2 deep elf archers
  A lindwurm (Lair:6)
  5 orc knights
  A wizard (D:13)
  4 deep elf pyromancers
  3 deep elf zephyrmancers (Orc:2)
  6 ugly things
  A necromancer (D:13)
  2 will-o-the-wisps
  An oklob plant (Lair:4)
  3 manticores
  5 cyclopes
  4 orc sorcerers
  An elephant (shapeshifter) (Lair:6)
  A guardian serpent (Lair:2)
  Joseph (D:15)
  A black mamba (shapeshifter) (D:13)
  3 smoke demons
  3 gargoyles
  6 cane toads
  3 torpor snails (Lair:6)
  An unseen horror (D:12)
  Psyche (D:10)
  An unseen horror (shapeshifter) (Abyss:3)
  A rime drake (Lair:5)
  2 efreet (D:15)
  9 komodo dragons
  2 hellwings (Abyss:3)
  A tengu conjurer (D:14)
  5 trolls
  2 ancient zymes
  4 polar bears (Lair:2)
  A tarantella (shapeshifter) (Lair:6)
  3 hornets
  4 raiju (Abyss:3)
  21 blink frogs
  A tyrant leech (Swamp:1)
  10 dream sheep
  6 flying skulls (Abyss:3)
  A centaur simulacrum (D:14)
  5 spriggans
  A ynoxinul (Lair:6)
  3 wyverns
  A hog (shapeshifter) (Lair:6)
  38 yaks
  7 basilisks
  4 wraiths
  A chaos spawn (Lair:6)
  3 steam dragons
  11 vampire mosquitoes
  4 swamp worms
  A warg (Orc:2)
  14 water moccasins
  A floating eye (shapeshifter) (Lair:6)
  35 orc warriors
  9 ogres
  16 wolves
  3 swamp drakes (Swamp:1)
  6 black bears (Lair:2)
  A sky beast (D:5)
  2 necrophages
  8 centaurs
  2 kobold brigands
  10 small abominations
  9 bullfrogs
  3 gnoll sergeants
  A scorpion (D:4)
  15 killer bees
  9 wights
  A howler monkey (D:10)
  A quasit (Abyss:3)
  7 centaur zombies
  3 hounds
  A centaur skeleton (D:7)
  4 jellies (Lair:5)
  22 orc priests
  A bullfrog skeleton (D:6)
  3 gnoll shamans
  22 orc wizards
  22 gnolls
  4 adders
  4 white imps
  An ufetubus (Abyss:3)
  An adder skeleton (D:4)
  A worm (D:3)
  A dart slug (D:3)
  83 orcs
  5 bats
  10 endoplasms
  4 giant cockroaches
  17 goblins
  10 hobgoblins
  5 jackals
  A quokka (D:1)
  10 ball pythons
  3 frilled lizards
  31 kobolds
  A lurking horror (Abyss:3)
699 creatures vanquished.

Vanquished Creatures (collateral kills)
  Saint Roka (Orc:2)
  A hydra (D:14)
  A hornet (Swamp:1)
  A shadow (D:10)
  2 yaks (D:10)
  An orc warrior (D:10)
  A kobold brigand (D:10)
  A centaur zombie (D:10)
  An orc (Orc:2)
10 creatures vanquished.

Vanquished Creatures (others)
  3 bloated husks (Swamp:1)
  2 swamp worms (Swamp:1)
  2 gnolls (D:7)
  5 bushes (D:15)
  16 foxfires
  14 fungi
  A lurking horror (Abyss:3)
  33 plants
76 creatures vanquished.

Grand Total: 785 creatures vanquished

Notes
Turn   | Place    | Note
-------+----------+-------------------------------------------
     0 | D:1      | Gabide the Human Monk began the quest for the Orb.
     0 | D:1      | Reached XP level 1. HP: 18/18 MP: 1/1
   321 | D:1      | Reached XP level 2. HP: 22/24 MP: 2/2
   442 | D:1      | Reached skill level 1 in Armour
   619 | D:1      | Reached XP level 3. HP: 27/29 MP: 3/3
  1568 | D:2      | Reached XP level 4. HP: 26/35 MP: 4/4
  2103 | D:2      | Noticed an eye of devastation
  2105 | D:2      | Found a faded altar of an unknown god.
  2107 | D:2      | Noticed a golden eye
  2107 | D:2      | Noticed a great orb of eyes
  2107 | D:2      | Noticed an eye of devastation
  2485 | D:3      | Reached XP level 5. HP: 32/41 MP: 5/5
  2578 | D:3      | Reached skill level 1 in Axes
  2784 | D:3      | Found a faded altar of an unknown god.
  2797 | D:3      | Found a shimmering blue altar of Sif Muna.
  3175 | D:4      | Noticed a kobold brigand
  3197 | D:4      | Killed a kobold brigand
  3198 | D:4      | Reached XP level 6. HP: 16/48 MP: 6/6
  3613 | D:4      | Found a transporter.
  3613 | D:4      | Noticed a toenail golem
  3616 | D:4      | Found a one-way gate to the infinite horrors of the Abyss.
  3616 | D:4      | Noticed H0rd4k's ghost (amateur HuAr)
  3618 | D:4      | Noticed a small abomination
  3625 | D:4      | Noticed a small abomination
  3631 | D:4      | Noticed a small abomination
  3787 | D:4      | Found a transporter.
  3802 | D:4      | Noticed a necrophage
  3817 | D:4      | Killed a necrophage
  3818 | D:4      | Reached XP level 7. HP: 53/54 MP: 7/7
  3909 | D:4      | Found a staircase to the Ecumenical Temple.
  4005 | D:3      | Became a worshipper of Sif Muna the Loreminder
  4005 | D:3      | Reached * piety under Sif Muna
  4005 | D:3      | Reached ** piety under Sif Muna
  4010 | D:3      | Learned a level 3 spell: Mephitic Cloud
  4012 | D:3      | Learned a level 1 spell: Magic Dart
  4361 | D:4      | Identified the +7 storm dragon scales of the Apple {rElec
                  | rC+ rN+ rCorr}
  4393 | D:5      | Entered Level 5 of the Dungeon
  4469 | D:5      | Reached skill level 5 in Armour
  4480 | D:5      | Reached XP level 8. HP: 58/60 MP: 8/8
  4612 | D:5      | You fall into a shaft and drop 1 floor!
  4903 | D:6      | Reached skill level 1 in Invocations
  4911 | D:6      | Reached XP level 9. HP: 26/66 MP: 10/10
  5871 | D:7      | Found a shadowy altar of Dithmenos.
  6527 | D:7      | Found a shimmering altar of Xom.
  6543 | D:7      | Reached skill level 1 in Air Magic
  6878 | D:7      | Reached skill level 1 in Spellcasting
  6878 | D:7      | Reached skill level 1 in Conjurations
  6918 | D:7      | Reached *** piety under Sif Muna
  6919 | D:7      | Reached skill level 1 in Poison Magic
  6930 | D:7      | Reached skill level 5 in Fighting
  6930 | D:7      | Reached skill level 5 in Dodging
  7377 | D:8      | Noticed a hornet
  7387 | D:8      | Killed a hornet
  7388 | D:8      | Reached XP level 10. HP: 74/74 MP: 12/12
  7398 | D:8      | Found Memuq's Antique Armour Boutique.
  7423 | D:8      | Found a broken altar of Ashenzari.
  9234 | D:9      | Found a staircase to the Orcish Mines.
  9307 | D:9      | HP: 3/76 [killer bee (3)]
  9630 | D:9      | Reached skill level 5 in Invocations
 10206 | D:9      | Reached **** piety under Sif Muna
 10476 | D:10     | Entered Level 10 of the Dungeon
 10541 | D:10     | Reached XP level 11. HP: 83/83 MP: 15/15
 10647 | D:10     | Noticed Psyche
 10685 | D:10     | Killed Psyche
 11768 | D:10     | Reached skill level 5 in Polearms
 11768 | D:10     | Reached skill level 10 in Armour
 12432 | D:10     | Identified the +0 ring mail of Starshine {rF+ Dex+4}
 12624 | D:11     | Noticed a two-headed ogre
 12631 | D:11     | Killed a two-headed ogre
 12695 | D:11     | Noticed a two-headed ogre
 12701 | D:11     | Killed a two-headed ogre
 13008 | D:11     | Found a staircase to the Lair.
 13245 | D:12     | Noticed a manticore
 13247 | D:12     | Killed a manticore
 13333 | D:12     | Noticed a manticore
 13348 | D:12     | Killed a manticore
 13698 | D:12     | Noticed a green ugly thing
 13710 | D:12     | Killed a green ugly thing
 13711 | D:12     | Reached XP level 12. HP: 48/89 MP: 16/16
 13893 | D:12     | Identified the +1 chain mail of Least Resistance {Will+
                  | Dex+4}
 13903 | D:12     | Reached ***** piety under Sif Muna
 14022 | D:12     | Found Qerrenic's Antique Armour Shoppe.
 14087 | D:12     | Noticed a two-headed ogre
 14093 | D:12     | Killed a two-headed ogre
 15163 | D:13     | Noticed a catoblepas
 15182 | D:13     | Killed a catoblepas
 15413 | D:13     | Identified the +4 scale mail of Glamorous the Good {Harm}
 15519 | D:13     | Noticed a two-headed ogre
 15519 | D:13     | Noticed a two-headed ogre
 15527 | D:13     | Killed a two-headed ogre
 15811 | D:13     | Noticed a two-headed ogre
 15816 | D:13     | Killed a two-headed ogre
 15917 | D:13     | Found a gate to the Vaults.
 15955 | D:13     | Reached skill level 10 in Polearms
 16430 | D:13     | Killed a two-headed ogre
 16588 | D:14     | Noticed a catoblepas
 16596 | D:14     | Killed a catoblepas
 16740 | D:14     | Noticed a two-headed ogre
 16745 | D:14     | Killed a two-headed ogre
 16746 | D:14     | Reached XP level 13. HP: 96/96 MP: 19/19
 16851 | D:14     | Received a gift from Sif Muna
 16852 | D:14     | Got Sif Muna's Compendium of Malediction {god gift}
 17261 | D:14     | Noticed an eight-headed hydra
 17285 | D:14     | Killed a 13-headed hydra
 17730 | D:15     | Entered Level 15 of the Dungeon
 17730 | D:15     | Noticed a centaur warrior
 17732 | D:15     | Killed a centaur warrior
 17739 | D:15     | Noticed an eight-headed hydra
 17754 | D:15     | Killed a 12-headed hydra
 17976 | D:15     | Noticed an ogre mage
 17985 | D:15     | Noticed Joseph
 18000 | D:14     | Killed an ogre mage
 18734 | D:15     | Reached skill level 5 in Spellcasting
 18740 | D:15     | Reached skill level 5 in Conjurations
 18742 | D:15     | Killed Joseph
 18994 | D:15     | Noticed a centaur warrior
 19002 | D:15     | Killed a centaur warrior
 19382 | D:15     | Noticed a boulder beetle
 19395 | D:15     | Killed a boulder beetle
 19838 | D:15     | Found Xahal's Antique Weapon Shop.
 20296 | D:15     | Reached XP level 14. HP: 76/105 MP: 20/22
 20403 | D:15     | Found a staircase to the Depths.
 20403 | D:15     | Noticed a stone giant
 20413 | D:15     | Killed a stone giant
 21154 | Orc:1    | Entered Level 1 of the Orcish Mines
 21154 | Orc:1    | Found Istriesm's Magic Scroll Shop.
 21304 | Orc:1    | Bought a scroll of teleportation for 45 gold pieces
 21304 | Orc:1    | Bought a scroll of teleportation for 45 gold pieces
 21304 | Orc:1    | Bought a scroll of teleportation for 45 gold pieces
 21304 | Orc:1    | Bought a scroll of acquirement for 780 gold pieces
 21304 | Orc:1    | Bought a scroll of blinking for 112 gold pieces
 21304 | Orc:1    | Bought a scroll of enchant weapon for 112 gold pieces
 21304 | Orc:1    | Acquired a manual of Fighting
 21330 | Orc:1    | Found a runed translucent door.
 21332 | Orc:1    | Noticed Gabide's ghost (journeyman HuMo)
 21613 | Orc:2    | Entered Level 2 of the Orcish Mines
 21652 | Orc:2    | Reached skill level 10 in Invocations
 22480 | Orc:2    | Found a runed translucent door.
 22480 | Orc:2    | Found a shimmering altar of Xom.
 22480 | Orc:2    | Noticed jaiteiro's ghost (journeyman DrEE)
 22536 | Orc:2    | Found Guilopti's Magic Scroll Boutique.
 22541 | Orc:2    | Bought a scroll of summoning for 133 gold pieces
 22541 | Orc:2    | Bought a scroll of silence for 105 gold pieces
 22541 | Orc:2    | Bought a scroll of enchant armour for 105 gold pieces
 22541 | Orc:2    | Bought a scroll of silence for 105 gold pieces
 22941 | Orc:2    | Received a gift from Sif Muna
 22947 | Orc:2    | Got Sif Muna's Reference Book on Creative Flight {god gift}
 22993 | Orc:2    | Noticed Saint Roka
 23012 | Orc:2    | Killed Saint Roka
 23540 | Orc:2    | Found a staircase to the Elven Halls.
 23570 | Orc:2    | Reached skill level 5 in Air Magic
 23854 | Orc:2    | Found Jauczusica's Jewellery Boutique.
 24007 | Orc:2    | Found Symeocw's Antique Armour Shop.
 24009 | Orc:2    | Found Gaafib's Antique Weapon Boutique.
 24134 | Orc:1    | Noticed Snorg
 24147 | Orc:2    | Killed Snorg
 25225 | Orc:2    | Bought a scroll of immolation for 49 gold pieces
 25391 | Lair:1   | Entered Level 1 of the Lair of Beasts
 26714 | Lair:2   | Found a frozen archway.
 26858 | Lair:2   | Found a staircase to the Snake Pit.
 26865 | Lair:2   | Reached XP level 15. HP: 90/113 MP: 24/24
 27410 | Lair:2   | Learned a level 1 spell: Shock
 28239 | Lair:3   | Found a staircase to the Swamp.
 28244 | Lair:3   | Received a gift from Sif Muna
 28245 | Lair:3   | Got Sif Muna's Volume of Feathers {god gift}
 28259 | Lair:3   | Learned a level 3 spell: Swiftness
 28262 | Lair:3   | Learned a level 2 spell: Static Discharge
 31399 | Lair:5   | Found a staircase to the Slime Pits.
 31404 | Lair:5   | Received a gift from Sif Muna
 31599 | Lair:5   | Reached skill level 10 in Fighting
 31930 | Lair:6   | Entered Level 6 of the Lair of Beasts
 32546 | Lair:6   | Found a snail-covered altar of Cheibriados.
 33362 | Lair:6   | Reached XP level 16. HP: 108/122 MP: 27/27
 33885 | Lair:6   | Paralysed by a floating eye for 4 turns
 34376 | Lair:6   | Identified the amulet "Riotyah" {Reflect rPois rN+ Int-5
                  | SH+5 Stlth+}
 34626 | Lair:6   | Found a corrupted altar of Lugonu.
 35360 | Elf:1    | Entered Level 1 of the Elven Halls
 36653 | Elf:1    | Cast into level 3 of the Abyss (a deep elf demonologist)
 36871 | Abyss:3  | Noticed a bone dragon
 36953 | Abyss:3  | Killed a bone dragon
 37212 | Abyss:3  | HP: 3/123 [wretched star/lance of force (23)]
 37346 | Elf:1    | Escaped the Abyss
 38025 | Swamp:1  | Entered Level 1 of the Swamp
 39043 | Swamp:1  | Received a gift from Sif Muna
 39048 | Swamp:1  | Got Kurueck's Tome of Floating Intoxication {god gift}
 39307 | Swamp:2  | Noticed a thorn hunter
 39607 | Swamp:1  | HP: 6/124 [alligator (7)]
 39608 | Swamp:1  | Mangled by an alligator

Illustrated notes

Levels and vault maps discovered:
D:1:      giann_wishing_wells, layout_basic, chequers_decorated_corner
D:2:      layout_basic, hellmonk_ecumenical_altar_watching_god
D:3:      layout_loops_corners, nicolae_overflow_ecumenical_swirl,
          hangedman_abyss_or_decor_lesser_grid
D:4:      kennysheep_kobold_camp, layout_basic,
          minmay_temple_entry_proselytizer, gammafunk_ghost_abyssal_escape,
          minmay_misc_feat_room
D:5:      layout_cave_pools, mainiacjoe_overflow_swirl
D:6:      layout_basic
D:7:      layout_cave_pools, nicolae_dithmenos_shadow_blocks,
          mainiacjoe_overflow_tiny_flanked
D:8:      minmay_angry_zag, layout_rooms,
          mainiacjoe_overflow_concentric_impassable, enter_bailey_3,
          nicolae_inconvenience_store, minivault_22
D:9:      layout_roguey, orc_0_dummy
D:10:     layout_basic, kennysheep_kite_vault, uniq_psyche
D:11:     layout_big_octagon, lair_entry_dummy, serial_glass, glass_columns_b,
          glass_columns_a, glass_columns_b, glass_columns_b, glass_columns_c,
          glass_columns_a
D:12:     layout_layer_cave, serial_shops, shop
D:13:     layout_roguey, david_vaults_1
D:14:     layout_roguey
D:15:     grunt_enter_depths_snipers, layout_basic, serial_park_square1
          [serial_park_minivault_5x5_1], serial_shops, nicolae_diamond_shop,
          minmay_sticks_and_stones
Lair:1:   layout_misc_corridors, serial_bayou_shore_a
Lair:2:   beast_lair_carwin_large_3, layout_gridlike,
          minmay_snake_entry_spellcaster, portal_ice_cave_entry_pillars_1
Lair:3:   layout_roguey, skrybe_swamp_entry_bodies, grunt_megastairs_2
Lair:4:   layout_cellular_growth, hangedman_lair_unloving_vines,
          minmay_lair_oklob_items, kennysheep_catoblepas_arena
Lair:5:   layout_loops_ring, nicolae_slime_entry_slimehenge,
          gauntlet_entry_generic
Lair:6:   hellmonk_lair_end_abyssal_woods, layout_loops_ring,
          small_statue_intersection, kennysheep_snail_temple,
          infiniplex_staircase_pool
Swamp:1:  layout_basic_swamp, nicolae_swamp_big_swirl, swamp_pool5,
          roderic_carrion_pond
Swamp:2:  layout_basic_swamp, nicolae_swamp_fairy_circle
Orc:1:    nicolae_orc_accident_1, layout_caves, serial_shops,
          nicolae_shop_crystal, ebering_ghost_inner_flame, uniq_snorg
Orc:2:    grunt_orc_community_town_hall, layout_diamond_mine,
          grunt_orc_community_big_house_2, grunt_orc_community_big_house_2,
          grunt_orc_community_house_1, grunt_orc_community_house_3,
          grunt_orc_community_house_3, grunt_orc_community_house_1,
          ebering_ghost_xom, minmay_orc_temple_a
Elf:1:    eino_elf_arrival_the_gate, layout_geoelf_diagonals, basic_altar,
          minmay_elf_necromancy, grunt_megastairs_3, uniq_jorgrun

Skill      XL: |  1  2  3  4  5  6  7  8  9 10 11 12 13 14 15 16 |
---------------+-------------------------------------------------+-----
Armour         | 1 2 3 5 8 9 10 11 12 | 12.2
Axes           | 2 3 4 |  4.6
Fighting       | 4 5 6 7 8 9 10 | 10.6
Dodging        | 4 5 6 7 8 9 |  9.6
Invocations    | 1 3 5 7 9 10 11 12 | 12.4
Air Magic      | 1 2 4 5 7 |  7.9
Spellcasting   | 1 2 4 5 6 7 8 |  8.3
Conjurations   | 1 2 4 5 6 8 |  8.7
Poison Magic   | 1 2 3 4 |  4.6
Polearms       | 4 9 10 11 | 11.7
Stealth        | |  2.0

Action                   |  1- 3 |  4- 6 |  7- 9 | 10-12 | 13-15 | 16-18 || total
-------------------------+-------+-------+-------+-------+-------+-------++-------
Melee: Spear             |   108 |    49 |       |       |       |       ||   157
       Broad axe         |       |   100 |   129 |    34 |       |       ||   263
       Punch             |       |     1 |     2 |       |       |       ||     3
       Battleaxe         |       |       |    88 |   164 |       |       ||   252
       Bardiche          |       |       |       |   478 |  1191 |   374 ||  2043
       Unarmed           |       |       |       |    21 |       |       ||    21
Throw: Javelin           |       |     2 |       |     2 |     5 |     8 ||    17
       Throwing net      |       |       |       |       |     3 |       ||     3
 Cast: Static Discharge  |       |       |       |       |     4 |    11 ||    15
       Mephitic Cloud    |       |       |       |       |     1 |    11 ||    12
       Shock             |       |       |       |       |     1 |     1 ||     2
       Chain Lightning   |       |       |       |       |       |     2 ||     2
Invok: Divine Exegesis   |       |       |       |       |       |     2 ||     2
Evoke: Wand              |       |       |     1 |     3 |     4 |     1 ||     9
  Use: Scroll            |       |     2 |     5 |    21 |    13 |    10 ||    51
       Potion            |       |       |       |     3 |     7 |    16 ||    26
 Stab: Sleeping          |     4 |       |       |       |       |       ||     4
       Paralysed         |       |       |     4 |       |     6 |       ||    10
       Distracted        |       |       |       |     1 |     1 |       ||     2
       Confused          |       |       |       |       |     1 |     3 ||     4
Armor: Leather armour    |    17 |    11 |       |       |       |       ||    28
       Ring mail         |       |    70 |    10 |       |       |       ||    80
       Storm dragon scal |       |       |   245 |   760 |   988 |   507 ||  2500
       Skin              |       |       |       |     8 |       |       ||     8
Dodge: Dodged            |    48 |   136 |   175 |  1131 |  1194 |   510 ||  3194
Block: Other             |       |       |       |       |     6 |   164 ||   170
       Reflection        |       |       |       |       |       |    10 ||    10
